 Dungeon Crawl Stone Soup version 0.29.1-12-g30fa7ad0bf (webtiles) character file.

Game seed: 6599931412268162899

40 hannahiscool the Trooper (level 3, 0/35 HPs)
             Began as a Hill Orc Fighter on Jan 4, 2023.
             Was a Follower of Kikubaaqudgha.
             Succumbed to a kobold's poison
             ... on level 2 of the Dungeon.
             The game lasted 00:06:38 (1175 turns).

hannahiscool the Trooper (Hill Orc Fighter)         Turns: 1175, Time: 00:06:38

Health: 0/35       AC:  6    Str: 18    XL:     3   Next: 50%
Magic:  3/3        EV:  9    Int: 10    God:    Kikubaaqudgha [*.....]
Gold:   74         SH:  4    Dex: 10    Spells: 3/3 levels left

rFire   . . .      SeeInvis .   a - +0 trident
rCold   . . .      Faith    .   c - +0 buckler
rNeg    . . .      Spirit   .   e - +0 scale mail
rPois   .          Reflect  .   (no helmet)
rElec   .          Harm     .   (no cloak)
rCorr   .          Rampage  .   (no gloves)
Will    .....                   (no boots)
Stlth   ..........              (no amulet)
HPRegen 0.11/turn               (no ring)
MPRegen 0.08/turn               (no ring)

@: lethally poisoned (0 -> -16), flying
A: no striking features
a: Renounce Religion, Unearth Wretches


You were on level 2 of the Dungeon.
You worshipped Kikubaaqudgha.
Kikubaaqudgha was aware of your devotion.
You visited 1 branch of the dungeon, and saw 2 of its levels.

You collected 74 gold pieces.

Inventory:

Hand Weapons
 a - a +0 trident (weapon)
 b - a +0 sling
Missiles
 f - 15 stones (quivered)
Armour
 c - a +0 buckler (worn)
 e - a +0 scale mail (worn)
Scrolls
 i - a scroll of immolation
 k - a scroll of acquirement {unknown}
Potions
 d - a potion of might


   Skills:
 - Level 4.9 Fighting
 - Level 2.1 Polearms
 - Level 3.2 Armour
 - Level 3.2 Shields
 + Level 0.5 Spellcasting
 + Level 0.9 Necromancy


You had 3 spell levels left.
You didn't know any spells.
Your spell library contained the following spells:

 Spells                   Type           Power      Damage    Failure   Level
 Necrotise                Necr           8%         1d4       69%         1
 Sublimation of Blood     Necr           2%         N/A       83%         2
 Anguish                  Hex/Necr       0%         N/A       100%        4
 Animate Dead             Necr           2%         N/A       100%        4


Dungeon Overview and Level Annotations

Branches:
Dungeon (2/15)

Altars:
Kikubaaqudgha


Message History

You hit the kobold.
You kill the kobold!
Kikubaaqudgha accepts your kill.
You feel sick. The kobold closely misses you. The hobgoblin hits you.
You block the kobold's attack.
You hit the hobgoblin but do no damage.
You feel sick. The kobold closely misses you. The hobgoblin hits you.
You hit the hobgoblin.
The hobgoblin is lightly wounded.
You feel sick. The kobold hits you but does no damage.
The hobgoblin hits you but does no damage.
You barely miss the hobgoblin.
The hobgoblin is lightly wounded.
You feel sick. The kobold hits you but does no damage.
You are more poisoned.
The hobgoblin barely misses you.
You feel very sick. The kobold attacks as you move away!
The kobold hits you but does no damage.
You are lethally poisoned!
You feel very sick.
* * * LOW HITPOINT WARNING * * *
You feel sick.
It was a potion of flight.
You feel very buoyant.
You fly up into the air.
* * * LOW HITPOINT WARNING * * *
You feel very sick. The kobold hits you but does no damage.
You are more poisoned.
As you read the scroll labelled RUMPIA PUIPN, it crumbles to dust.
It is a scroll of identify.
i - a scroll of immolation
* * * LOW HITPOINT WARNING * * *
You feel very sick. The kobold hits you but does no damage.
The air fills with toxic fumes!
As you read the scroll labelled PECARE LINK, it crumbles to dust.
It was a scroll of poison.
You die...
Kikubaaqudgha rasps: "You have failed me!
Welcome... death!"

####### #...§.# #####
#######§§§§.#
#.....###gK@§§§§§§§.#
....§§§§§§#####§§§§.#
....§§§§#######...§.#
....§§§.##.>........#
....§...............#
........##..........#
........##..........#
.......########.#####
#..$..# #..#


You could see a hobgoblin and a kobold.

Vanquished Creatures
  A worm (D:2)
  3 dart slugs
  A ball python (D:1)
  A bat (D:2)
  4 endoplasms (D:1)
  2 goblins (D:1)
  A hobgoblin (D:1)
  4 quokkas (D:1)
  8 kobolds
  3 rats
28 creatures vanquished.

Notes
Turn   | Place    | Note
-------+----------+-------------------------------------------
     0 | D:1      | hannahiscool the Hill Orc Fighter began the quest for the
                  | Orb.
     0 | D:1      | Reached XP level 1. HP: 19/19 MP: 1/1
    48 | D:1      | Reached skill level 4 in Fighting
   142 | D:1      | Reached XP level 2. HP: 27/27 MP: 2/2
   412 | D:1      | Found a faded altar of an unknown god.
   421 | D:1      | Prayed at the altar of an unknown god.
   421 | D:1      | Became a worshipper of Kikubaaqudgha
   421 | D:1      | Reached * piety under Kikubaaqudgha
   421 | D:1      | Received a gift from Kikubaaqudgha
   515 | D:1      | Reached XP level 3. HP: 35/35 MP: 3/3
  1175 | D:2      | Succumbed to a kobold's poison

Illustrated notes

Levels and vault maps discovered:
D:1:      dpeg_arrival_tiny_d, layout_basic,
          shapermc_ecumenical_altar_flowoftime, nicolae_kite_square_tiling_tiny
D:2:      layout_rooms, serial_bayou_pond_d

Skill      XL: |  1 |
---------------+----+-----
Fighting       | 4 |  4.9
Polearms       | |  2.1
Armour         | |  3.2
Shields        | |  3.2
Spellcasting   | |  0.5
Necromancy     | |  0.9

Action                   || total
-------------------------++-------
Melee: Trident           ||    46
 Fire: Sling             ||    35
Throw: Stone             ||     1
  Use: Scroll            ||     2
       Potion            ||     1
Armor: Scale mail        ||    24
Dodge: Dodged            ||    15
Block: Buckler           ||    11
